 Dungeon Crawl Stone Soup version 0.19-a0-1166-g02d67b9 (webtiles) character file.

37 poirepourri the Skirmisher (level 3, 0/27 HPs)
             Began as a Demonspawn Abyssal Knight on Aug 14, 2016.
             Was a Follower of Lugonu.
             Succumbed to an adder's poison
             ... on level 2 of the Dungeon.
             The game lasted 00:02:17 (1081 turns).

poirepourri the Skirmisher (DsAK)                   Turns: 1081, Time: 00:02:17

Health: 0/27       AC:  3    Str: 18    XL:     3   Next: 21%
Magic:  5/5        EV: 11    Int: 13    God:    Lugonu [*.....]
Gold:   95         SH:  0    Dex: 12    Spells: 0 memorised, 2 levels left

rFire  . . .     SeeInvis .     a - +2 mace
rCold  . . .     Gourm    .     b - +0 leather armour
rNeg   . . .     Faith    .     (no shield)
rPois  .         Spirit   .     (no helmet)
rElec  .         Dismiss  .     (no cloak)
rCorr  .         Reflect  .     (no gloves)
MR     .....     Harm     .     (no boots)
Stlth  +.........               (no amulet)
                                (no ring)
                                (no ring)

@: mighty, lethally poisoned (0 -> -2)
A: frail 1, sturdy frame 1
a: Depart the Abyss, Renounce Religion


You were on level 2 of the Dungeon.
You worshipped Lugonu.
Lugonu was aware of your devotion.
You were hungry.

You visited 1 branch of the dungeon, and saw 2 of its levels.
You visited the Abyss 1 time.

You collected 95 gold pieces.

Inventory:

Hand Weapons
 a - a +2 mace (weapon)
Armour
 b - a +0 leather armour (worn)
Scrolls
 d - 2 scrolls of teleportation
Comestibles
 c - a bread ration


   Skills:
 + Level 3.7 Fighting
 + Level 2.4 Maces & Flails
 - Level 1.7 Armour
 - Level 0.8 Dodging
 + Level 2.8 Invocations


You had 2 spell levels left.
You didn't know any spells.

Dungeon Overview and Level Annotations

Branches:
Dungeon (2/15)

Altars:


Innate Abilities, Weirdness & Mutations

Your movements are slightly less encumbered by armour. (ER -2)
You are frail. (-10% HP)


Message History

* * * LOW HITPOINT WARNING * * *
You closely miss the kobold. The kobold barely misses you.
The kobold hits you but does no damage.
You closely miss the kobold.
* * * LOW HITPOINT WARNING * * *
You feel sick. The kobold closely misses you.
You hit the kobold.
You kill the kobold!
Lugonu accepts your kill.
Things that are here:
a short sword; a kobold corpse
There is a lethal amount of poison in your body!
There is a lethal amount of poison in your body!
There is a lethal amount of poison in your body!
* * * LOW HITPOINT WARNING * * *
You feel sick.
* * * LOW HITPOINT WARNING * * *
You feel sick.
Unknown command.
You die...

##+####...†...(.#
..$...#.#######.#
......#.# #.#
......gS##### #.#
.......S....#####**##
......#.#####..##*..#
..........,*,##.##.#***
............##.##.#*,_*
...........##.##@#*,***
......#+#####...#...#
......*,* #########
..[...*,* ****,**,*
****,**,* *,,,,,,,*
*,**,,*,* *,,,,,*,*


There were no monsters in sight!

Vanquished Creatures
  2 dart slugs (D:1)
  2 giant geckos
  3 giant cockroaches
  5 hobgoblins
  3 jackals (D:1)
  A ball python (D:1)
  4 bats
  2 giant newts
  A goblin (D:1)
  4 kobolds
  2 rats (D:1)
29 creatures vanquished.

Notes
Turn   | Place    | Note
-------+----------+-------------------------------------------
     0 | Abyss:1  | poirepourri the Demonspawn Abyssal Knight began the quest for the Orb.
     0 | Abyss:1  | Reached XP level 1. HP: 18/18 MP: 2/2
     0 | D:1      | Escaped the Abyss
   140 | D:1      | Reached * piety under Lugonu
   178 | D:1      | Gained mutation: Your movements are slightly less encumbered by armour. (ER -2) [demonic ancestry]
   178 | D:1      | Reached XP level 2. HP: 17/24 MP: 3/3
   930 | D:2      | Reached XP level 3. HP: 29/29 MP: 5/5
  1062 | D:2      | Gained mutation: Your spells are a little harder to cast, but a little more powerful. [potion of mutation]
  1062 | D:2      | Gained mutation: You are frail. (-10% HP) [potion of mutation]
  1062 | D:2      | Lost mutation: Your spells are a little harder to cast, but a little more powerful. [potion of mutation]
  1073 | D:2      | HP: 1/27 [poisoned by an adder]
  1081 | D:2      | Succumbed to an adder's poison

Vault maps used:
D:1:      roderic_crop_circles_arrival_small
D:2:      marbit_many_paths

Skill      XL: |  1 |
---------------+----+-----
Maces & Flails | 2 |  2.4
Fighting       | |  3.7
Armour         | |  1.7
Dodging        | |  0.8
Invocations    | |  2.8

Action                   || total
-------------------------++-------
Melee: Mace              ||   106
Invok: Depart the Abyss  ||     1
  Use: Scroll            ||     5
       Potion            ||     3
Armor: Leather armour    ||    36
Dodge: Dodged            ||    89
